 Dungeon Crawl Stone Soup version 0.20-a0-839-gdaf5c57 (webtiles) character file.

40 Dfrag the Firebug (level 3, -2/28 HPs)
             Began as a Naga Fire Elementalist on Mar 8, 2017.
             Slain by a jackal (3 damage)
             ... on level 1 of the Dungeon.
             The game lasted 00:01:27 (801 turns).

Dfrag the Firebug (Naga Fire Elementalist)           Turns: 801, Time: 00:01:27

Health: -2/28      AC:  3    Str: 10    XL:     3   Next: 50%
Magic:  0/6        EV: 10    Int: 16    God:
Gold:   23         SH:  0    Dex: 11    Spells: 6/7 levels left

rFire    . . .     SeeInvis +   g - +0 hand axe (curse)
rCold    . . .     Gourm    .   a - +0 robe
rNeg     . . .     Faith    .   (no shield)
rPois    +         Spirit   .   (no helmet)
rElec    .         Reflect  .   f - +0 cloak
rCorr    .         Harm     .   (no gloves)
MR       .....                  (no barding)
Stlth    ++........             (no amulet)
Regen    0.1/turn               (no ring)
MPRegen  0.1/turn               (no ring)

@: short of breath, very slightly contaminated, very slow
A: see invisible, deformed body, poison resistance, slowness 2, slow metabolism
1, spit poison 1, AC +1
a: Spit Poison


You were on level 1 of the Dungeon.
You were hungry.

You visited 1 branch of the dungeon, and saw 2 of its levels.

You collected 23 gold pieces.

Inventory:

Hand Weapons
 g - a cursed +0 hand axe (weapon)
Armour
 a - a +0 robe (worn)
 f - a +0 cloak (worn)
Jewellery
 m - an uncursed amulet of faith
Scrolls
 d - a scroll of identify {unknown}
 e - a scroll of recharging {unknown}
 i - 3 scrolls of amnesia {unknown}
Potions
 h - a potion of agility {unknown}
 j - 3 potions of haste {unknown}
Books
 b - a book of Flames

   Spells                             Type                      Level
   a - Flame Tongue                   Conjuration/Fire             1
   b - Throw Flame                    Conjuration/Fire             2
   c - Conjure Flame                  Conjuration/Fire             3
   d - Inner Flame                    Hexes/Fire                   3
   e - Sticky Flame                   Conjuration/Fire             4
   f - Fireball                       Conjuration/Fire             5
Comestibles
 c - a bread ration
 k - 4 fruits
 l - a royal jelly


   Skills:
 - Level 1.5 Dodging
 - Level 3.0 Stealth
 + Level 2.5 Spellcasting
 + Level 1.9 Conjurations
 + Level 3.6 Fire Magic


You had 6 spell levels left.
You knew the following spells:

 Your Spells              Type           Power        Failure   Level  Hunger
a - Flame Tongue          Conj/Fire      ##...        10%         1    #......


Dungeon Overview and Level Annotations

Branches:
Dungeon (2/15)

Altars:


Innate Abilities, Weirdness & Mutations

You cannot wear boots.
Your serpentine skin is tough. (AC +1)
You have supernaturally acute eyesight. (SInv)
Armour fits poorly on your strangely shaped body.
Your system is resistant to poisons. (rPois)
You cover ground very slowly.
You have a slow metabolism.
You can spit poison.


Message History

The jackal bites you but does no damage.
Press: ? - help, Shift-Dir - straight line, f/p - jackal
Aim: a jackal (moderately wounded)
The splash of poison hits the jackal.
The jackal is heavily wounded.
You are feeling hungry.
The jackal bites you.
* * * LOW HITPOINT WARNING * * *
Unknown command.
Casting: Flame Tongue
Confirm with . or Enter, or press ? or * to list all spells.
Aiming: Flame Tongue
Press: ? - help, Shift-Dir - straight line, f/p - jackal
Aim: a jackal (heavily wounded)
You miscast Flame Tongue.
You are very lightly contaminated with residual magic.
Nothing appears to happen.
The jackal bites you but does no damage.
The jackal bites you.
You die...

..# #..).†....##### ..#
#####.#.#.....# ..#
#.#.#####.# ..#
#.#.#####.######### ..#
#.#.......#.......#
..########†##########[####.#
..##.......# #.# #.#
..##.############# #.# #.#
..............hh@# #.# #.#
###..####.######## #.# #.#
#..# #.# #.####.# ###..# #.#
#.#..#†# .....#
##.###########.#..#.# ###..#
#............#.#..#.# ###..#
#..............#..#.# .##..#
#.##########.#....#.# .##..#
#.#...........(...#.#


You could see 2 jackals.

Vanquished Creatures
  An ooze (D:2)
  A leopard gecko (D:1)
  A ball python (D:1)
  A giant cockroach (D:1)
  2 goblins (D:1)
  6 hobgoblins (D:1)
  5 jackals
  A quokka (D:1)
  3 bats (D:1)
  3 kobolds (D:1)
  7 rats
31 creatures vanquished.

Notes
Turn   | Place    | Note
-------+----------+-------------------------------------------
     0 | D:1      | Dfrag the Naga Fire Elementalist began the quest for the Orb.
     0 | D:1      | Reached XP level 1. HP: 15/15 MP: 3/3
    81 | D:1      | Reached XP level 2. HP: 12/22 MP: 5/5
   372 | D:1      | Reached XP level 3. HP: 28/28 MP: 2/6
   800 | D:1      | HP: 1/28 [jackal (3)]
   801 | D:1      | Slain by a jackal

Vault maps used:
D:1:      dpeg_arrival_simpleton_c
D:2:      okawaru_trees_1, serial_forest, infiniplex_forest_corner_1,
          infiniplex_forest_clump_large, infiniplex_forest_clump_C,
          infiniplex_forest_straight_4, infiniplex_forest_clump_double,
          infiniplex_forest_lined_ring, first_bread

Action                   || total
-------------------------++-------
Melee: Unarmed           ||    11
       Hand axe          ||    19
 Cast: Flame Tongue      ||    42
 Abil: Spit Poison       ||    10
Armor: Robe              ||    25
Dodge: Dodged            ||    40
